 Dungeon Crawl Stone Soup version 0.28-a0-1389-gc726bef33b (webtiles) character file.

Game seed: 15898840525408429144

1620620 tnor the Harbinger of Death (level 27, 233/233 HPs)
             Began as a Merfolk Fighter on Jan 3, 2022.
             Was a Follower of Yredelemnul.
             Escaped with the Orb
             ... and 3 runes on Jan 4, 2022!
             The game lasted 04:43:12 (74880 turns).

tnor the Harbinger of Death (Merfolk Fighter)      Turns: 74880, Time: 04:43:12

Health: 233/233    AC: 28    Str: 20    XL:     27
Magic:  27/36      EV: 32    Int: 13    God:    Yredelemnul [*.....]
Gold:   4802       SH:  8    Dex: 15    Spells: 21/52 levels left

rFire   + + +      SeeInvis .   w - +9 demon trident (freeze)
rCold   + + +      Faith    +   W - +3 buckler "Fitokhlue" {Rampage rF+ Regen+ Dex-5}
rNeg    . . .      Spirit   .   C - +7 ring mail of the Original Sin {Regen+ rCorr Dex-3}
rPois   +          Reflect  .   y - +1 helmet {Int+3}
rElec   +          Harm     .   q - +2 cloak {Will+}
rCorr   +          Rampage  +   c - +3 pair of gauntlets of War {Slay+5}
Will    +....                   E - +2 pair of boots {Stlth+}
Stlth   ++........              e - amulet of faith
HPRegen 2.08/turn               v - ring of Temptation {Contam rElec rC+++ Will- EV+4}
MPRegen 0.25/turn               Z - ring "Cowok" {*Corrode rPois rF+++ Will- EV+4}

@: studying Poison Magic
A: (nimble swimmer 2), mertail, low mp 1, inhibited regeneration, strong 1,
sturdy frame 1
0: Orb of Zot
}: 3/15 runes: barnacled, silver, gossamer
a: Renounce Religion, Recall Undead Harvest


You escaped.
You worshipped Yredelemnul.
Yredelemnul was extremely pleased with you.
You visited 12 branches of the dungeon, and saw 57 of its levels.
You visited the Abyss 1 time.
You visited 2 bazaars.
You also visited: Bailey, Ice Cave and Wizlab.

You collected 9112 gold pieces.
You spent 4310 gold pieces at shops.

Inventory:

Hand Weapons
 w - a +9 demon trident of freezing (weapon)
Missiles
 n - 11 throwing nets
 D - 30 curare-tipped darts
Armour
 c - the +3 pair of gauntlets of War (worn) {Slay+5}
   (You found it on level 13 of the Dungeon)

   Slay:      It affects your accuracy & damage with ranged weapons and melee
   (+5).
 q - a +2 cloak of willpower (worn)
 x - the +2 cloak of the Thief {*Fog Slay-2 SInv Stlth+}
   (You found it in a wizard's laboratory)

   It may release a thick cloud of smoke when the wearer is hurt.
   Slay:      It affects your accuracy & damage with ranged weapons and melee
   (-2).
   SInv:      It lets you see invisible.
   Stlth:     It makes you more stealthy.
 y - a +1 helmet of intelligence (worn)
 C - the +7 ring mail of the Original Sin (worn) {Regen+ rCorr Dex-3}
   (You found it on level 9 of the Dungeon)

   Dex:       It affects your dexterity (-3).
   Regen:     It increases your rate of health regeneration.
   rCorr:     It protects you from acid and corrosion.
 E - a +2 pair of boots of stealth (worn)
 L - a +2 buckler of protection
 Q - the +0 tower shield "Poesoff" {rPois Will+ Dex-4}
   (You found it on level 3 of the Crypt)

   Dex:       It affects your dexterity (-4).
   rPois:     It protects you from poison.
   Will:      It increases your willpower.
 W - the +3 buckler "Fitokhlue" (worn) {Rampage rF+ Regen+ Dex-5}
   (You bought it in a shop on level 1 of the Depths)

   Dex:       It affects your dexterity (-5).
   rF:        It protects you from fire.
   Regen:     It increases your rate of health regeneration.
   Rampage:   It bestows one free step when moving towards enemies.
Jewellery
 e - an amulet of faith (around neck)
 p - a +4 ring of protection
 r - a +6 ring of dexterity
 v - the ring of Temptation (left hand) {Contam rElec rC+++ Will- EV+4}
   (You acquired it on level 4 of the Spider Nest)

   [ring of evasion]

   EV:        It affects your evasion (+4).
   rC:        It renders you almost immune to cold.
   rElec:     It insulates you from electricity.
   Contam:    It causes magical contamination when unequipped.
   Will:      It decreases your willpower.
 z - a +6 ring of strength
 J - an amulet of regeneration
 K - a ring of see invisible
 Z - the ring "Cowok" (right hand) {*Corrode rPois rF+++ Will- EV+4}
   (You found it on level 6 of the Lair of Beasts)

   [ring of evasion]

   EV:        It affects your evasion (+4).
   rF:        It renders you almost immune to fire.
   rPois:     It protects you from poison.
   *Corrode:  It may corrode you when you take damage.
   Will:      It decreases your willpower.
Wands
 a - a wand of mindburst (15)
 t - a wand of iceblast (27)
 A - a wand of digging (6)
 G - a wand of acid (10)
 M - a wand of paralysis (9)
Scrolls
 b - 7 scrolls of magic mapping
 g - a scroll of brand weapon
 j - 6 scrolls of enchant armour
 l - 2 scrolls of amnesia
 m - 8 scrolls of teleportation
 o - 11 scrolls of fog
 u - 10 scrolls of fear
 H - a scroll of enchant weapon
 I - 31 scrolls of identify
 T - 8 scrolls of immolation
Potions
 d - 10 potions of brilliance
 f - 4 potions of curing
 h - 5 potions of attraction
 i - 3 potions of invisibility
 k - 2 potions of mutation
 s - 3 potions of magic
 N - 6 potions of berserk rage
 R - 2 potions of heal wounds
 U - a potion of resistance
 X - a potion of might
 Y - 6 potions of flight
Miscellaneous
 B - a condenser vane
 F - a lightning rod (4/4)
 O - a phantom mirror (inert)
 P - a tin of tremorstones (2/2)
 S - a box of beasts


   Skills:
 + Level 22.7 Fighting
 - Level 14.0 Polearms
 - Level 10.0 Armour
 - Level 23.0 Dodging
 + Level 13.1 Stealth
 - Level 4.0 Shields
 - Level 13.0 Spellcasting
 - Level 15.0 Translocations
 - Level 20.0 Transmutations
 - Level 12.0 Earth Magic
 - Level 24.0 Invocations
 - Level 5.0 Evocations


You had 21 spell levels left.
You knew the following spells:

 Your Spells              Type           Power      Damage    Failure   Level
a - Manifold Assault      Tloc           47%        N/A       1%          5
b - Irradiate             Conj/Tmut      17%        3d19      4%          5
c - Yara's Violent Unrav  Hex/Tmut       17%        3d8       4%          5
d - Airstrike             Air            4%         N/A       69%         4
e - Lee's Rapid Deconstr  Erth           19%        3d12*     1%          5
f - Dispersal             Tloc           23%        N/A       3%          6
g - Apportation           Tloc           94%        N/A       1%          1

Your spell library contained the following spells:

 Spells                   Type           Power      Damage    Failure   Level
 Wereblood                Tmut           57%        N/A       0%          2
 Sting                    Tmut/Pois      100%       1d8       1%          1
 Blink                    Tloc           94%        N/A       1%          2
 Gell's Gravitas          Tloc           47%        N/A       1%          3
 Ignite Poison            Fire/Tmut/Pois 25%        N/A       1%          3
 Lesser Beckoning         Tloc           47%        N/A       1%          3
 Portal Projectile        Hex/Tloc       54%        N/A       1%          3
 Spider Form              Tmut/Pois      34%        N/A       1%          3
 Teleport Other           Tloc           47%        N/A       1%          3
 Ice Form                 Ice/Tmut       34%        N/A       1%          4
 Passage of Golubria      Tloc           47%        N/A       1%          4
 Petrify                  Tmut/Erth      50%        N/A       1%          4
 Blade Hands              Tmut           28%        N/A       1%          5
 Stone Arrow              Conj/Erth      48%        3d10      2%          3
 Statue Form              Tmut/Erth      33%        N/A       2%          6
 Dragon Form              Tmut           28%        N/A       2%          7
 Animate Armour           Summ/Erth      48%        N/A       9%          4
 Leda's Liquefaction      Hex/Erth       12%        N/A       9%          4
 Animate Skeleton         Necr           16%        N/A       10%         1
 Magic Dart               Conj           32%        1d4       10%         1
 Pain                     Necr           32%        1d5       10%         1
 Slow                     Hex            32%        N/A       10%         1
 Summon Small Mammal      Summ           32%        N/A       10%         1
 Summon Forest            Summ/Tloc      13%        N/A       13%         5
 Corpse Rot               Necr/Air       16%        N/A       16%         2
 Ensorcelled Hibernation  Hex/Ice        16%        N/A       16%         2
 Poisonous Vapours        Pois/Air       16%        N/A       16%         2
 Scorch                   Fire           16%        2d6       16%         2
 Searing Ray              Conj           16%        2d5       16%         2
 Static Discharge         Conj/Air       8%         N/A       16%         2
 Sublimation of Blood     Necr           8%         N/A       16%         2
 Borgnjor's Vile Clutch   Necr/Erth      12%        N/A       24%         5
 Call Canine Familiar     Summ           8%         N/A       30%         3
 Confusing Touch          Hex            8%         N/A       30%         3
 Conjure Flame            Conj/Fire      8%         6-21      30%         3
 Frozen Ramparts          Ice            16%        1d3       30%         3
 Inner Flame              Hex/Fire       8%         N/A       30%         3
 Mephitic Cloud           Conj/Pois/Air  8%         N/A       30%         3
 Ozocubu's Armour         Ice            8%         N/A       30%         3
 Vampiric Draining        Necr           8%         2d6       30%         3
 Animate Dead             Necr           4%         N/A       69%         4
 Cause Fear               Hex            4%         N/A       69%         4
 Dispel Undead            Necr           8%         3d8       69%         4
 Flame Wave               Conj/Fire      8%         2d4       69%         4
 Fulminant Prism          Conj/Hex       4%         3d6       69%         4
 Olgreb's Toxic Radiance  Pois           8%         N/A       69%         4
 Sticky Flame             Conj/Fire      8%         2d3       69%         4
 Summon Ice Beast         Ice/Summ       8%         N/A       69%         4
 Iron Shot                Conj/Erth      12%        9d3       78%         6
 Disjunction              Tloc           23%        N/A       80%         8
 Excruciating Wounds      Necr           4%         N/A       95%         5
 Fireball                 Conj/Fire      4%         3d4       95%         5
 Freezing Cloud           Conj/Ice/Air   4%         6-21      95%         5
 Iskenderun's Battlesphe  Conj           8%         2d6       95%         5
 Lightning Bolt           Conj/Air       4%         1d15      95%         5
 Metabolic Englaciation   Hex/Ice        4%         N/A       95%         5
 Summon Mana Viper        Hex/Summ       8%         N/A       95%         5
 Malign Gateway           Summ/Tloc      13%        N/A       98%         7
 Conjure Ball Lightning   Conj/Air       4%         3x3d6     100%        6
 Simulacrum               Ice/Necr       4%         N/A       100%        6
 Starburst                Conj/Fire      4%         6d3       100%        6
 Summon Cactus Giant      Summ           4%         N/A       100%        6
 Enfeeble                 Hex            4%         N/A       100%        7
 Orb of Destruction       Conj           4%         9d2       100%        7
 Ozocubu's Refrigeration  Ice            4%         4d5       100%        7
 Spellforged Servitor     Conj/Summ      4%         N/A       100%        7
 Summon Hydra             Summ           4%         N/A       100%        7
 Borgnjor's Revivificati  Necr           4%         N/A       100%        8
 Discord                  Hex            4%         N/A       100%        8
 Ignition                 Fire           4%         3d4       100%        8
 Lehudib's Crystal Spear  Conj/Erth      12%        10d4      100%        8
 Maxwell's Capacitive Co  Air            4%         ∞         100%        8
 Necromutation            Tmut/Necr      17%        N/A       100%        8
 Summon Horrible Things   Summ           4%         N/A       100%        8
 Chain Lightning          Conj/Air       4%         3d5       100%        9
 Death's Door             Necr           4%         N/A       100%        9
 Dragon's Call            Summ           4%         N/A       100%        9
 Fire Storm               Conj/Fire      4%         8d1       100%        9
 Polar Vortex             Ice            4%         N/A       100%        9
 Shatter                  Erth           19%        3d18*     100%        9


Dungeon Overview and Level Annotations

Branches:
Dungeon (15/15)            Temple (1/1) D:5            Lair (6/6) D:10
 Shoals (4/4) Lair:2       Spider (4/4) Lair:3        Slime (5/5) Lair:5
    Orc (2/2) D:12            Elf (3/3) Orc:2        Vaults (5/5) D:13
  Crypt (3/3) Vaults:3       Tomb (0/3) Crypt:3      Depths (4/4) D:15
    Zot (5/5) Depths:4     Bailey (visited)           IceCv (visited)
 WizLab (visited)

Altars:
Ashenzari
Cheibriados
Dithmenos
Elyvilon
Fedhas
Gozag
Hepliaklqana
Kikubaaqudgha
Makhleb
Nemelex Xobeh
Okawaru
Qazlal
Ru
Sif Muna
Trog
Uskayaw
Vehumet
Wu Jian
Xom
Yredelemnul
The Shining One
Beogh
Jiyva

Shops:
D:10 !   Orc:2 [(*(   Elf:1 :   Shoals:1 [   Shoals:2 (   Vaults:1 =
Vaults:4 *   Vaults:5 ??!!??   Depths:1 [*   Depths:3 ?(?

Portals:
Hell: Depths:1 Depths:2 Depths:3 Depths:4
Abyss: Depths:3 Depths:4
Pandemonium: Depths:2 Depths:4
Ziggurat: Depths:1
Trove: D:15 (give +6 ice dragon scales)

Annotations:
Shoals:1 Mlioglotl
Elf:2 3 runed translucent doors
Crypt:3 Mennas


Innate Abilities, Weirdness & Mutations

((You are very nimble when in or above water. (Stealth+, EV+, Speed+++)))
Your lower body shifts to a powerful aquatic tail in water.
Your magical capacity is low. (-10% MP)
You do not regenerate when monsters are visible.
Your muscles are strong. (Str +2)
Your movements are slightly less encumbered by armour. (ER -2)


Message History

You hit the jackal but do no damage. The jackal completely misses you.
You hit the jackal. You freeze the jackal.
You kill the jackal!
No target in view!
No target in view!
(D) Dungeon (T) Temple (L) Lair (A) Shoals (N) Spider Nest (M) Slime Pits (O) Orcish Mines (E) Elven Halls (V) Vaults (C) Crypt (W) Tomb (U) Depths (H) Hell (Z) Zot
Where to? (Enter - D:1 @ (x,y), ? - help)
A hellion comes into view.
The hellion gives a hideous shriek!
You reach to attack!
You impale the hellion!! You freeze the hellion.
The hellion is severely wounded.
You reach to attack!
You puncture the hellion! You freeze the hellion.
You kill the hellion!
A black mist starts to gather...
No target in view!
(D) Dungeon (T) Temple (L) Lair (A) Shoals (N) Spider Nest (M) Slime Pits (O) Orcish Mines (E) Elven Halls (V) Vaults (C) Crypt (W) Tomb (U) Depths (H) Hell (Z) Zot
Where to? (Enter - D:1 @ (x,y), ? - help)
You open the door.
Magic restored.
There is an open door here.
There is an escape hatch in the floor here.
A great orb of eyes comes into view.
The great orb of eyes gazes at you.
You suddenly lose the ability to move!
The great orb of eyes gazes at you.
You feel your power leaking away.
You can move again.
Your spectral hellion hits the great orb of eyes.
Your spectral hellion hits the great orb of eyes but does no damage.
The great orb of eyes gazes at you.
You feel your power leaking away.
Your spectral hellion hits something but does no damage.
There is an open door here.
There is a staircase leading out of the dungeon here.
You have escaped!

#...# ###.Z......
#...# #...G_.....
#...####.#..+.....
######......#.....
########............
#(....'.............
#..#..##......######
#..#..#####'###
#..@..##.....#
#.....##..8..#
########.....#
#######


There were no monsters in sight!

Vanquished Creatures
  5 dread liches
  An ancient lich (Zot:5)
  4 orbs of fire (Zot:5)
  A juggernaut (Depths:2)
  A royal mummy (Crypt:3)
  A Killer Klown (Zot:5)
  Bai Suzhen (Crypt:2)
  2 caustic shrikes (Depths:4)
  3 curse toes
  3 golden dragons
  Jory (Crypt:1)
  2 electric golems (Zot:5)
  10 tentacled monstrosities
  A Hell Sentinel (Depths:3)
  12 Orb Guardians (Zot:5)
  2 deep elf blademasters (Elf:3)
  2 deep elf master archers (Elf:3)
  11 acid blobs
  An Executioner (D:4)
  2 titans (Vaults:5)
  5 sphinxes
  3 tentacled starspawn (WizLab)
  5 death cobs
  3 ancient champions
  An eldritch tentacle (WizLab)
  9 storm dragons
  8 tengu reavers (Vaults:5)
  4 shadow dragons
  Ilsuiw (Shoals:3)
  An azure jelly (Slime:5)
  4 rockslimes (Slime:5)
  3 revenants
  2 fire giants (Depths:1)
  2 iron dragons (Depths:3)
  2 draconian monks
  4 draconian scorchers
  4 deep elf sorcerers (Elf:3)
  2 emperor scorpions (Spider:4)
  7 frost giants
  4 curse skulls
  A cacodemon (D:1)
  2 orc warlords
  12 vault wardens
  2 ghouls
  4 ghost moths
  17 very ugly things
  A draconian shifter (Zot:3)
  4 draconian stormcallers
  12 ironbound preservers
  A juggernaut zombie (Crypt:3)
  A spriggan defender (Depths:3)
  3 broodmothers (Spider:3)
  4 war gargoyles
  The ghost of Vayczud the Brawler, a journeyman TrMo of Makhleb (Lair:6)
  6 quicksilver oozes
  A caustic shrike skeleton (Crypt:1)
  5 ironbound thunderhulks
  A draconian annihilator (Zot:4)
  10 stone giants
  5 black draconians
  3 deep elf demonologists (Elf:3)
  Nessos (D:15)
  4 green draconians
  3 entropy weavers
  3 red draconians (Zot:3)
  6 vampire knights
  3 white draconians
  6 deep elf annihilators
  4 purple draconians
  3 spark wasps
  6 yellow draconians
  A spectral acid blob (Slime:5)
  5 eidola
  A blizzard demon (Depths:4)
  6 dire elephants
  3 merfolk impalers
  A green death (Depths:4)
  3 fire dragons
  9 ettins
  Josephine (D:9)
  2 merfolk javelineers (Shoals:4)
  8 mummy priests
  4 jiangshi
  5 deep elf death magi
  4 yaktaur captains
  7 deep elf high priests
  6 hydras
  4 great orbs of eyes
  22 vault guards
  2 peacekeepers (Vaults:3)
  A spriggan air mage (Depths:4)
  5 boulder beetles
  3 hell beasts
  4 ice dragons
  3 merfolk avatars
  A rakshasa (WizLab)
  7 centaur warriors
  11 ironbound frosthearts
  A catoblepas (Shoals:3)
  A spriggan skeleton (Crypt:1)
  A two-headed ogre (D:12)
  A satyr (Shoals:4)
  A deep troll shaman (Depths:4)
  2 death knights
  2 merfolk aquamancers (Shoals:4)
  15 dancing weapons
  A deep troll earth mage (Depths:3)
  A death scarab (Spider:3)
  8 death yaks
  A tengu warrior (Depths:2)
  3 thrashing horrors (WizLab)
  4 orc high priests
  7 vampire magi
  Urug (Lair:4)
  A hell hog (Depths:2)
  19 deep elf knights
  2 spriggan berserkers (Depths:3)
  4 hell knights (Depths:3)
  A storm dragon zombie (Crypt:1)
  2 sun demons (Depths:3)
  2 iron trolls (Depths:3)
  A bunyip zombie (Crypt:3)
  3 shadow wraiths
  2 sixfirhies
  A pharaoh ant (Spider:4)
  3 soul eaters (Crypt:1)
  2 golden dragon zombies
  6 glowing orange brains
  7 sea snakes
  2 spriggan riders (Depths:3)
  23 skeletal warriors
  A steelbarb worm (Spider:1)
  A shadow demon (WizLab)
  8 orb spiders
  33 deep trolls
  A bog body (Crypt:1)
  A swamp dragon (Lair:6)
  A swamp dragon (shapeshifter) (Vaults:5)
  4 flayed ghosts
  2 obsidian statues
  6 wizards
  9 phantasmal warriors
  11 ironbound convokers
  17 deep elf pyromancers
  A lindwurm (shapeshifter) (Vaults:5)
  10 deep elf archers
  2 anaconda skeletons
  A lindwurm (Vaults:3)
  A sphinx zombie (Depths:3)
  A shining eye (Slime:5)
  26 ugly things
  An orange crystal statue (Depths:2)
  2 mana vipers (WizLab)
  8 orc knights
  14 harpies
  5 necromancers
  4 orc sorcerers
  An iron dragon zombie (Depths:3)
  2 wolf spiders (shapeshifter)
  A frost giant zombie (Vaults:4)
  18 deep elf zephyrmancers
  A salamander (Depths:3)
  2 stone giant zombies
  2 cyclopes
  A draconian zombie (Zot:4)
  A faun (Shoals:1)
  18 wolf spiders
  3 elephants
  13 manticores
  A worldbinder (WizLab)
  A faun (shapeshifter) (Vaults:5)
  16 moths of wrath
  9 merfolk sirens
  A shock serpent zombie (Crypt:1)
  A guardian serpent (WizLab)
  A dire elephant zombie (Crypt:3)
  3 water nymphs
  A rust devil (Depths:4)
  8 black mambas
  An eye of devastation (Slime:5)
  2 smoke demons (D:4)
  A large abomination (WizLab)
  An ice statue (IceCv)
  A demonspawn skeleton (WizLab)
  12 vault sentinels
  A torpor snail (Lair:6)
  A gargoyle (D:13)
  4 orange demons
  A red draconian zombie (Crypt:3)
  4 rime drakes
  2 yellow draconian zombies
  A komodo dragon (shapeshifter) (Vaults:3)
  2 cane toads
  8 demonic crawlers
  A grey draconian zombie (Crypt:2)
  A white draconian zombie (Crypt:2)
  4 human zombies
  A hellion (D:1)
  34 guardian mummies
  13 freezing wraiths
  A redback zombie (Spider:1)
  A harpy zombie (Crypt:3)
  A naga skeleton (Crypt:3)
  27 yaktaurs
  A purple draconian skeleton (Crypt:3)
  A tormentor (D:5)
  3 komodo dragons
  2 tengu conjurers
  3 trolls
  A meliai (shapeshifter) (Elf:3)
  17 meliai
  19 merfolk
  3 hellwings (D:4)
  A polar bear (shapeshifter) (Elf:1)
  Grinder (D:3)
  A harpy skeleton (Crypt:1)
  A queen bee (shapeshifter) (D:15)
  2 wind drakes
  7 hornets
  3 polar bears
  18 tarantellas
  A tarantella zombie (Spider:1)
  A raiju (shapeshifter) (D:15)
  A tyrant leech (Lair:6)
  34 slime creatures
  5 dream sheep
  A jumping spider zombie (Spider:1)
  A raiju (WizLab)
  A meliai zombie (Spider:1)
  2 snapping turtles
  7 blink frogs
  A guardian serpent zombie (Crypt:3)
  16 jumping spiders
  16 flying skulls
  5 air elementals
  7 culicivoras
  A ynoxinul (Depths:4)
  Sigmund (D:3)
  An ice dragon skeleton (Crypt:1)
  32 yaks
  4 spriggans
  17 wraiths
  12 water elementals
  4 wyverns
  4 fire elementals
  4 basilisks
  7 ushabtiu (Crypt:3)
  A golden eye (Slime:5)
  2 chaos spawn
  An alligator snapping turtle simulacrum (Shoals:4)
  22 redbacks
  3 vampire mosquitoes
  A death yak simulacrum (Shoals:4)
  2 spatial vortices (WizLab)
  Menkaure (D:6)
  3 deep troll zombies
  A demonspawn zombie (Crypt:1)
  8 wargs
  An acid dragon (D:9)
  17 water moccasins
  A floating eye (Depths:2)
  A water moccasin (shapeshifter) (Depths:4)
  21 orc warriors
  A swamp drake (Lair:6)
  An elephant zombie (Crypt:1)
  3 necrophages
  2 blink frog zombies (Crypt:2)
  A sky beast (D:7)
  A black bear (Lair:2)
  3 ice beasts
  5 ogres
  4 boggarts (Vaults:1)
  21 wolves
  A hog skeleton (Crypt:2)
  6 centaurs
  A kobold brigand (D:7)
  9 bullfrogs
  A draconian skeleton (Crypt:2)
  9 earth elementals
  3 scorpions
  2 komodo dragon skeletons
  A faun simulacrum (Shoals:4)
  3 merfolk simulacra (Shoals:4)
  A water moccasin zombie (D:5)
  9 gnoll sergeants
  A wyvern skeleton (D:4)
  A warg zombie (Crypt:2)
  2 snapping turtle simulacra (Shoals:4)
  6 wights
  A yak skeleton (Crypt:3)
  3 howler monkeys
  4 electric eels
  3 crimson imps
  3 bullfrog zombies (D:5)
  3 hounds
  A basilisk zombie (Crypt:1)
  A bullfrog skeleton (D:5)
  A centaur skeleton (D:5)
  4 centaur zombies
  7 gnoll shamans (Bailey)
  9 orc priests
  A cyclops simulacrum (Shoals:4)
  12 iguanas
  Jessica (D:3)
  14 orc wizards
  2 killer bee zombies (D:8)
  A felid skeleton (Crypt:3)
  An acid dragon skeleton (Crypt:2)
  A hound skeleton (D:4)
  12 mummies (Crypt:3)
  26 gnolls
  8 adders
  2 shadow imps
  3 white imps
  An ufetubus (D:7)
  A lava snake skeleton (Crypt:3)
  2 worms
  3 dart slugs
  66 orcs
  5 endoplasms
  2 giant cockroaches (D:2)
  12 goblins
  5 hobgoblins
  9 jackals
  15 kobolds
  4 quokkas
  10 ball pythons
  6 bats
  2 frilled lizards
  A goblin skeleton (Crypt:3)
  An orc skeleton (Crypt:1)
  An orc zombie (Crypt:2)
  9 rats
  A bush (Lair:2)
  A lurking horror (WizLab)
  A starspawn tentacle (WizLab)
  3 tentacles (Shoals:2)
1676 creatures vanquished.

Vanquished Creatures (collateral kills)
  2 dread liches (Zot:5)
  An orb of fire (Zot:5)
  An ancient lich (Vaults:5)
  Sojobo (Vaults:5)
  2 Killer Klowns (Zot:5)
  A caustic shrike (Depths:4)
  2 golden dragons
  3 curse toes
  6 tentacled monstrosities
  Jorgrun (Shoals:1)
  11 Orb Guardians
  A walking divine tome (Depths:2)
  3 titans
  A quicksilver dragon (Depths:4)
  6 acid blobs
  A kraken (Shoals:2)
  2 draconian monks (Zot:3)
  6 shadow dragons
  A shadow dragon (shapeshifter) (Vaults:5)
  2 tengu reavers (Vaults:5)
  Polyphemus (Shoals:3)
  5 azure jellies
  3 fire giants
  A draconian knight (Zot:3)
  3 frost giants
  5 storm dragons
  4 rockslimes (Slime:5)
  3 deep elf sorcerers (Elf:3)
  A draconian scorcher (Depths:4)
  An emperor scorpion (Spider:4)
  11 vault wardens
  2 draconian shifters
  2 reapers
  A draconian stormcaller (Depths:4)
  2 ghost moths
  3 ironbound preservers
  A quicksilver ooze (Slime:1)
  A broodmother (Spider:2)
  2 stone giants (Depths:1)
  A war gargoyle (Vaults:5)
  A broodmother (shapeshifter) (Depths:2)
  An ironbound thunderhulk (Vaults:1)
  A green draconian (Zot:3)
  3 deep elf demonologists
  12 very ugly things
  2 yellow draconians
  2 white draconians
  3 dire elephants
  2 entropy weavers
  A spark wasp (Spider:1)
  2 deep elf annihilators (Elf:3)
  A red draconian (Zot:3)
  4 black draconians
  2 purple draconians
  2 deep elf death magi
  2 merfolk impalers (Shoals:1)
  A fire dragon (Depths:2)
  A spectral acid blob (Slime:5)
  4 merfolk javelineers
  A deep elf high priest (Vaults:5)
  A blizzard demon (Zot:5)
  7 yaktaur captains
  2 rakshasas
  An ice dragon (shapeshifter) (D:15)
  4 ice dragons
  13 vault guards
  Fannar (D:10)
  3 hydras
  A jorogumo (Spider:1)
  An ironbound frostheart (Vaults:3)
  4 boulder beetles
  3 death knights
  A spriggan air mage (Depths:1)
  3 merfolk aquamancers
  6 centaur warriors
  2 merfolk avatars
  A two-headed ogre (D:12)
  5 dancing weapons (Elf:2)
  A deep troll earth mage (Vaults:5)
  9 death yaks
  A vampire mage (Depths:1)
  A satyr (Shoals:2)
  3 tengu warriors
  An orc high priest (Orc:2)
  A spriggan berserker (Depths:1)
  A sun demon (Depths:3)
  6 hell knights
  Sonja (Lair:6)
  2 deep elf knights
  A shadow wraith (Vaults:5)
  A pharaoh ant (Spider:3)
  2 iron trolls
  A sixfirhy (WizLab)
  A sun moth (Spider:3)
  7 skeletal warriors
  7 steelbarb worms
  9 deep trolls
  3 orb spiders
  A flayed ghost (Depths:3)
  A kraken simulacrum (Shoals:4)
  2 deep elf archers
  6 ironbound convokers
  4 sea snakes
  3 glowing orange brains
  A quicksilver dragon simulacrum (Depths:2)
  6 harpies
  2 lindwurms
  4 wizards
  3 deep elf zephyrmancers
  5 orc knights
  A shining eye (Slime:5)
  2 necromancers
  A wolf spider zombie (Spider:4)
  A spectral great orb of eyes (Slime:5)
  18 ugly things
  4 deep elf pyromancers
  3 cyclopes
  2 oklob plants (Shoals:2)
  17 wolf spiders
  3 fauns
  An orc sorcerer (Orc:2)
  5 manticores
  A worldbinder (WizLab)
  6 elephants
  10 moths of wrath
  8 merfolk sirens
  5 torpor snails
  3 black mambas (Lair:6)
  4 vault sentinels
  5 cane toads
  8 yaktaurs
  4 water nymphs
  8 demonic crawlers
  A kobold demonologist (D:12)
  An unseen horror (D:12)
  8 komodo dragons
  6 rime drakes
  An ancient zyme (WizLab)
  A tengu conjurer (Depths:3)
  A red devil (Depths:4)
  An ice devil (Depths:4)
  A hellwing (Depths:4)
  3 tyrant leeches (Lair:6)
  2 polar bears (IceCv)
  14 merfolk
  7 meliai
  15 tarantellas
  A troll (shapeshifter) (D:15)
  A wind drake (Shoals:3)
  11 blink frogs
  12 hornets
  7 dream sheep
  29 slime creatures
  2 raiju
  2 flying skulls (Crypt:3)
  4 snapping turtles
  11 culicivoras
  15 jumping spiders
  2 air elementals (Elf:3)
  30 yaks
  2 spriggans (Depths:3)
  A fire dragon skeleton (Crypt:3)
  7 water elementals
  A ynoxinul (D:10)
  A fire elemental (Depths:1)
  5 basilisks
  A chaos spawn (WizLab)
  2 steam dragons (Lair:6)
  27 redbacks
  4 vampire mosquitoes
  An alligator snapping turtle simulacrum (Shoals:4)
  2 wargs
  2 harpy simulacra (Shoals:4)
  An acid dragon (D:10)
  6 water moccasins
  A floating eye (Slime:5)
  A swamp drake (Lair:6)
  5 spatial vortices (WizLab)
  An ice beast (Vaults:2)
  15 orc warriors
  A satyr simulacrum (Shoals:4)
  2 ogres (Orc:1)
  2 boggarts
  5 centaurs
  18 wolves
  A kobold brigand (D:9)
  3 bullfrogs
  2 merfolk simulacra (Shoals:4)
  2 gnoll sergeants (D:9)
  A faun simulacrum (Shoals:4)
  A water moccasin zombie (Lair:4)
  4 scorpions (Lair:3)
  2 snapping turtle simulacra (Shoals:4)
  2 wights (D:6)
  3 manticore simulacra (Shoals:4)
  5 crimson imps (D:8)
  9 orc priests
  A gnoll shaman (Bailey)
  A cyclops simulacrum (Shoals:4)
  An iguana (Lair:6)
  13 orc wizards
  A howler monkey skeleton (D:7)
  5 gnolls
  A shadow imp (D:8)
  2 worms (Lair:3)
  24 orcs
  A giant cockroach (Lair:3)
  3 kobolds
  A plant (Shoals:2)
  A tentacle (Shoals:2)
824 creatures vanquished.

Vanquished Creatures (others)
  A golden dragon (Zot:4)
  A spectral jelly (Zot:5)
  A fire giant (Depths:2)
  A vault warden (Vaults:2)
  A juggernaut zombie (Depths:2)
  A draconian stormcaller (Depths:4)
  A caustic shrike zombie (Depths:4)
  A spectral golden dragon (Zot:4)
  A Killer Klown zombie (Zot:5)
  A spectral acid blob (Slime:5)
  2 spectral humans
  7 very ugly thing zombies
  An ogre mage (D:13)
  A spectral elf (Elf:3)
  14 spectral
  Orb Guardians (Zot:5)
  A titan zombie (Vaults:5)
  A spectral sixfirhy (WizLab)
  2 spectral quicksilver oozes (Slime:5)
  2 deep elf knights
  4 storm dragon zombies
  A spectral fire dragon (Lair:6)
  A golden dragon zombie (Zot:5)
  A steelbarb worm (Spider:1)
  3 spark wasp zombies
  2 ghost moth zombies (Spider:4)
  A spectral green death (Depths:4)
  A wizard (Vaults:2)
  An entropy weaver zombie (Spider:3)
  A shadow dragon zombie (Vaults:5)
  An ironbound convoker (Vaults:2)
  10 ugly thing zombies
  A tengu zombie (Vaults:5)
  2 sphinx zombies (Crypt:3)
  4 wolf spider zombies
  A deep elf zephyrmancer (Elf:2)
  An iron dragon zombie (Depths:3)
  A broodmother zombie (Spider:3)
  2 frost giant zombies
  A fire giant zombie (Depths:2)
  A jorogumo zombie (Spider:1)
  2 draconian zombies
  2 stone giant zombies
  A death scarab zombie (Spider:3)
  A spectral soul eater (Crypt:1)
  2 spectral rakshasas (Depths:2)
  15 spectral slime creatures
  2 yellow draconian zombies
  3 orb spider zombies (Spider:4)
  2 white draconian zombies (Zot:5)
  8 redback zombies
  A red draconian zombie (Zot:3)
  2 sea snake zombies
  A spectral mana viper (WizLab)
  A purple draconian zombie (Zot:4)
  3 spectral glowing orange brains
  2 demonic crawler zombies
  7 harpy zombies
  A hydra zombie (D:15)
  3 boulder beetle zombies
  7 moth of wrath zombies
  A guardian serpent zombie (WizLab)
  3 ettin zombies
  3 tarantella zombies
  2 spriggan zombies (Depths:3)
  4 jumping spider zombies
  A spectral floating eye (Depths:2)
  2 ice dragon zombies
  2 culicivora zombies (Spider:1)
  8 meliai zombies
  7 black mamba zombies (Lair:6)
  2 spectral orange demons (Depths:4)
  A spriggan (Depths:1)
  2 merfolk zombies
  2 faun zombies
  9 deep troll zombies
  A cane toad zombie (Lair:6)
  4 hornet zombies
  A spectral hellwing (Depths:4)
  18 elf zombies
  A lindwurm zombie (Vaults:5)
  2 orc warriors
  2 blink frog zombies
  A swamp dragon zombie (Vaults:5)
  A manticore zombie (Shoals:4)
  2 rime drake zombies (IceCv)
  A torpor snail zombie (Lair:6)
  A vampire mosquito zombie (D:13)
  29 human zombies
  2 komodo dragon zombies (Lair:6)
  8 yaktaur zombies
  2 wyvern zombies
  A queen bee zombie (D:15)
  5 water moccasin zombies
  A polar bear zombie (IceCv)
  5 warg zombies
  7 yak zombies
  12 wolf zombies
  A bullfrog zombie (Lair:1)
  8 centaur zombies
  3 spectral boggarts (Vaults:1)
  An orc wizard (D:10)
  3 ogre zombies
  A necrophage zombie (Crypt:1)
  2 howler monkey zombies (D:9)
  2 iguana zombies (Lair:6)
  A spectral shadow imp (D:7)
  A spectral white imp (D:7)
  25 gnoll zombies
  A giant cockroach zombie (Lair:3)
  A goblin zombie (D:7)
  4 kobold zombies
  72 orc zombies
  92 fungi
  159 plants
  4 starspawn tentacles (WizLab)
  7 tentacles
692 creatures vanquished.

Grand Total: 3192 creatures vanquished

Notes
Turn   | Place    | Note
-------+----------+-------------------------------------------
     0 | D:1      | tnor the Merfolk Fighter began the quest for the Orb.
     0 | D:1      | Reached XP level 1. HP: 18/18 MP: 1/1
     6 | D:1      | Found a faded altar of an unknown god.
   203 | D:1      | Reached XP level 2. HP: 24/24 MP: 2/2
   213 | D:1      | Reached skill level 1 in Dodging
   539 | D:1      | Reached XP level 3. HP: 27/29 MP: 3/3
   673 | D:1      | You fall into a shaft and drop 1 floor!
  1340 | D:2      | Reached XP level 4. HP: 31/37 MP: 4/4
  1893 | D:3      | Noticed a necrophage
  1896 | D:3      | Noticed Grinder
  1904 | D:3      | Killed a necrophage
  1905 | D:3      | Reached XP level 5. HP: 36/42 MP: 5/5
  1907 | D:3      | Paralysed by Grinder for 3 turns
  1914 | D:3      | Killed Grinder
  1915 | D:3      | Reached skill level 5 in Fighting
  1915 | D:3      | Reached XP level 6. HP: 34/51 MP: 6/6
  2251 | D:3      | Reached XP level 7. HP: 54/56 MP: 7/7
  2440 | D:3      | Noticed Sigmund
  2444 | D:3      | Killed Sigmund
  2445 | D:3      | Reached skill level 5 in Dodging
  2524 | D:3      | Noticed Jessica
  2534 | D:3      | Killed Jessica
  3476 | D:4      | Reached XP level 8. HP: 64/64 MP: 8/8
  3841 | D:5      | Entered Level 5 of the Dungeon
  4476 | D:5      | Found a staircase to the Ecumenical Temple.
  4553 | Temple   | Entered the Ecumenical Temple
  4725 | Temple   | Became a worshipper of Yredelemnul the Dark
  5155 | D:6      | Noticed Menkaure
  5165 | D:6      | Killed Menkaure
  5166 | D:6      | Reached skill level 10 in Polearms
  5206 | D:6      | Reached XP level 9. HP: 72/72 MP: 9/9
  5671 | D:7      | Found a flagged portal.
  5743 | Bailey   | Entered a bailey
  6583 | Bailey   | Reached * piety under Yredelemnul
  8624 | Bailey   | Got the Tome of Feathery Fire
  8995 | D:7      | Reached XP level 10. HP: 74/82 MP: 10/10
  9645 | D:8      | Found a transporter.
  9645 | D:8      | Found a transporter.
  9646 | D:8      | Noticed a boulder beetle
  9988 | D:8      | Reached ** piety under Yredelemnul
 10394 | D:8      | Reached skill level 1 in Invocations
 10403 | D:8      | Reached *** piety under Yredelemnul
 10756 | D:9      | Identified the +7 ring mail of the Original Sin {Regen+
                  | rCorr Dex-3}
 10829 | D:9      | Reached skill level 10 in Dodging
 10829 | D:9      | Reached skill level 2 in Invocations
 10975 | D:9      | Reached skill level 3 in Invocations
 11025 | D:9      | Reached **** piety under Yredelemnul
 11197 | D:9      | Reached ***** piety under Yredelemnul
 11324 | D:9      | Found a hazy altar of Hepliaklqana.
 11325 | D:9      | Found a shimmering altar of Xom.
 11326 | D:9      | Noticed a spectral ugly thing
 11551 | D:10     | Entered Level 10 of the Dungeon
 11574 | D:10     | Reached skill level 4 in Invocations
 11585 | D:10     | Reached skill level 10 in Fighting
 11589 | D:10     | Reached XP level 11. HP: 70/90 MP: 14/14
 11731 | D:10     | Reached skill level 5 in Invocations
 12054 | D:10     | Found a staircase to the Lair.
 12101 | D:10     | Noticed Josephine
 12339 | D:9      | Killed Josephine
 12379 | D:10     | Reached skill level 6 in Invocations
 12417 | D:10     | Found Voytaq's Distillery.
 12428 | D:10     | Noticed Fannar
 12455 | D:10     | Killed Fannar
 12527 | D:10     | Noticed a manticore
 12535 | D:10     | Noticed an orc knight
 12539 | D:10     | Killed a manticore
 12549 | D:10     | Killed an orc knight
 12751 | D:10     | Reached skill level 7 in Invocations
 12815 | D:10     | Noticed a two-headed ogre
 12837 | D:10     | Killed a two-headed ogre
 12837 | D:10     | Enslaved a two-headed ogre
 12882 | D:10     | Reached XP level 12. HP: 94/101 MP: 14/17
 13101 | D:10     | Found a bloodstained altar of Trog.
 13128 | D:10     | Found a shimmering blue altar of Sif Muna.
 13132 | D:10     | Got Sif Muna's Disquisition on Dislocation
 13298 | Lair:1   | Entered Level 1 of the Lair of Beasts
 13418 | Lair:1   | Reached skill level 8 in Invocations
 13466 | Lair:1   | Noticed a seven-headed hydra
 13479 | Lair:1   | Killed a seven-headed hydra
 14006 | Lair:2   | Reached skill level 9 in Invocations
 14010 | Lair:2   | Noticed a catoblepas
 14025 | Lair:2   | Reached skill level 10 in Invocations
 14029 | Lair:2   | Killed a catoblepas
 14029 | Lair:2   | Enslaved a catoblepas
 14320 | Lair:2   | Found a blossoming altar of Fedhas.
 14571 | Lair:2   | Reached skill level 11 in Invocations
 14749 | Lair:2   | Found a staircase to the Shoals.
 14760 | Lair:2   | Reached ****** piety under Yredelemnul
 14905 | Lair:2   | Reached skill level 12 in Invocations
 15191 | Lair:3   | Identified the +2 war axe "Ciucs" {flame, Fly rC+ rCorr}
 15196 | Lair:3   | Reached XP level 13. HP: 108/108 MP: 22/22
 15787 | Lair:3   | Found a hole to the Spider Nest.
 15982 | Lair:4   | Reached skill level 13 in Invocations
 16192 | Lair:4   | Noticed Urug
 16209 | Lair:4   | Killed Urug
 16220 | Lair:4   | Reached skill level 14 in Invocations
 17184 | Lair:5   | Reached skill level 5 in Armour
 17307 | Lair:5   | Reached skill level 1 in Spellcasting
 17333 | Lair:5   | Found a viscous altar of Jiyva.
 17333 | Lair:5   | Found a staircase to the Slime Pits.
 17704 | Lair:6   | Entered Level 6 of the Lair of Beasts
 17862 | Lair:6   | Reached XP level 14. HP: 71/118 MP: 24/24
 17883 | Lair:6   | Reached skill level 5 in Spellcasting
 18170 | Lair:6   | Noticed Sonja
 18176 | Lair:6   | Killed Sonja
 18791 | Lair:6   | Identified the ring "Cowok" {*Corrode rPois rF+++ Will-
                  | EV+4}
 18960 | Lair:6   | Found a runed translucent door.
 18972 | Lair:6   | Your ally Sonja died
 19249 | Lair:6   | Found a runed translucent door.
 19249 | Lair:6   | Noticed Vayczud's ghost (journeyman TrMo)
 20220 | D:11     | Reached skill level 1 in Evocations
 20585 | D:12     | Reached skill level 10 in Spellcasting
 20712 | D:12     | Reached XP level 15. HP: 121/123 MP: 22/29
 20788 | D:12     | Found a staircase to the Orcish Mines.
 20952 | D:12     | Reached skill level 15 in Invocations
 21422 | Orc:1    | Entered Level 1 of the Orcish Mines
 21424 | Orc:1    | Found a frozen archway.
 21433 | IceCv    | Entered an ice cave
 21535 | IceCv    | Reached skill level 5 in Evocations
 21731 | IceCv    | Reached skill level 16 in Invocations
 21747 | IceCv    | Noticed a frost giant
 21757 | IceCv    | Killed a frost giant
 22213 | Orc:1    | You fall into a shaft and drop 1 floor!
 22213 | Orc:2    | Entered Level 2 of the Orcish Mines
 22214 | Orc:2    | Noticed an orc warlord
 22256 | Orc:2    | Killed an orc warlord
 22470 | Orc:2    | Found a staircase to the Elven Halls.
 22575 | Orc:2    | Found Kercheusa's Antique Weapon Shoppe.
 22589 | Orc:2    | Reached skill level 17 in Invocations
 22747 | Orc:2    | Found Xiujooxt's Weapon Boutique.
 22755 | Orc:2    | Found Bobb's Armour Boutique.
 22757 | Orc:2    | Found Moutut's General Store.
 22766 | Orc:2    | Bought a potion of lignification for 30 gold pieces
 22773 | Orc:2    | Learned a level 5 spell: Manifold Assault
 23607 | Orc:1    | Reached skill level 1 in Translocations
 23833 | Orc:1    | Found a runed translucent door.
 24080 | D:13     | Paralysed by an ogre mage for 6 turns
 24213 | D:13     | Found a gate to the Vaults.
 24313 | D:13     | Reached XP level 16. HP: 96/130 MP: 27/30
 24430 | D:13     | Reached skill level 18 in Invocations
 24755 | D:13     | Found the +3 pair of gauntlets of War {Slay+5}
 24966 | D:13     | Reached skill level 5 in Translocations
 25496 | D:14     | Found a runed translucent door.
 25865 | D:14     | Found an opulent altar of Gozag.
 26271 | D:15     | Entered Level 15 of the Dungeon
 26329 | D:15     | Noticed Rupert
 26330 | D:15     | Paralysed by Rupert for 7 turns
 26392 | D:15     | Noticed Nessos
 26403 | D:15     | Killed Nessos
 26428 | D:15     | Your ally Nessos died
 26643 | D:15     | Found a portal to a secret trove of treasure.
 26676 | D:15     | Found a staircase to the Depths.
 26719 | D:15     | Paralysed by Rupert for 4 turns
 26736 | D:15     | Killed Rupert
 26736 | D:15     | Enslaved Rupert
 27448 | Shoals:1 | Entered Level 1 of the Shoals
 27463 | Shoals:1 | Noticed Mlioglotl
 27465 | Shoals:1 | Noticed Jorgrun
 27476 | Shoals:1 | Found a flickering gateway to a bazaar.
 27491 | Bazaar   | Entered a bazaar
 27491 | Bazaar   | Found Rokkoall's Jewellery Boutique.
 27491 | Bazaar   | Found Vastryplu's Book Shop.
 27491 | Bazaar   | Found Veivaah's Armour Shop.
 27491 | Bazaar   | Found Wyoruaf's Antique Armour Boutique.
 27699 | Shoals:1 | Killed Jorgrun
 27711 | Shoals:1 | Found Wemom's Armour Emporium.
 28194 | Shoals:1 | Reached skill level 10 in Translocations
 28194 | Shoals:1 | Reached XP level 17. HP: 136/136 MP: 31/31
 28528 | Shoals:2 | Noticed a kraken
 28724 | Shoals:2 | Found the +11 plutonium sword {Contam Stlth-}
 28735 | Shoals:2 | Reached XP level 18. HP: 143/143 MP: 32/32
 28785 | Shoals:2 | Found Vymmuc's Antique Weapon Emporium.
 29388 | Shoals:3 | Noticed Ilsuiw
 29413 | Shoals:3 | Killed Ilsuiw
 29511 | Shoals:3 | Noticed Polyphemus
 29522 | Shoals:3 | Killed Polyphemus
 30380 | Shoals:4 | Entered Level 4 of the Shoals
 30435 | Shoals:4 | Found a runed translucent gate.
 30436 | Shoals:4 | Found a runed translucent gate.
 30437 | Shoals:4 | Found a runed translucent gate.
 30527 | Shoals:4 | Identified the +1 scale mail "Maxt" {+Blink +Inv rN+}
 30847 | Shoals:4 | Got a barnacled rune of Zot
 31650 | Spider:1 | Entered Level 1 of the Spider Nest
 31687 | Spider:1 | Reached XP level 19. HP: 149/149 MP: 4/35
 32197 | Spider:1 | Identified a scroll of acquirement
 32198 | Spider:1 | Acquired 658 gold pieces
 32746 | Spider:2 | Identified the +3 scale mail "Honagh" {rN++ rCorr Dex-2}
 33190 | Spider:3 | Acquired 992 gold pieces
 33885 | Spider:3 | Reached skill level 15 in Translocations
 34978 | Spider:4 | Entered Level 4 of the Spider Nest
 35009 | Spider:4 | Acquired the ring of Temptation {Contam rElec rC+++ Will-
                  | EV+4}
 35126 | Spider:4 | Noticed Donald
 35141 | Spider:4 | Killed Donald
 35141 | Spider:4 | Enslaved Donald
 35382 | Spider:4 | Paralysed by a meliai for 6 turns
 35448 | Spider:4 | Reached XP level 20. HP: 161/161 MP: 37/37
 35508 | Spider:4 | Reached skill level 15 in Fighting
 35920 | Spider:4 | Got a gossamer rune of Zot
 36373 | Vaults:1 | Entered Level 1 of the Vaults
 37162 | Vaults:1 | Your ally Donald died
 37999 | Vaults:1 | Found Miulaop's Jewellery Emporium.
 38237 | Vaults:1 | Reached XP level 21. HP: 166/174 MP: 38/38
 38360 | Vaults:1 | Reached skill level 10 in Armour
 38588 | Vaults:2 | Noticed Nikola
 38704 | Vaults:2 | Cast into level 2 of the Abyss (a wizard)
 38781 | Vaults:2 | Escaped the Abyss
 38933 | Vaults:2 | Reached skill level 15 in Dodging
 39292 | Vaults:2 | Killed Nikola
 39292 | Vaults:2 | Enslaved Nikola
 40264 | Vaults:3 | Your ally Nikola died
 40771 | Vaults:3 | Reached skill level 19 in Invocations
 41054 | Vaults:3 | Learned a level 5 spell: Irradiate
 41094 | Vaults:3 | Reached skill level 1 in Transmutations
 41357 | Vaults:3 | Found a staircase to the Crypt.
 41451 | Vaults:3 | You fall into a shaft and drop 1 floor!
 41855 | Vaults:4 | Reached skill level 5 in Transmutations
 42184 | Vaults:4 | Reached XP level 22. HP: 106/181 MP: 39/39
 42351 | Vaults:4 | Noticed Mara
 42389 | Vaults:4 | Noticed tnor's illusion
 42406 | Vaults:4 | Killed Mara
 42406 | Vaults:4 | Enslaved Mara
 42564 | Vaults:4 | Found Esisicyzxa's Assorted Antiques.
 42570 | Vaults:4 | Bought a scroll of magic mapping for 122 gold pieces
 42570 | Vaults:4 | Bought a potion of mutation for 280 gold pieces
 42570 | Vaults:4 | Bought a potion of berserk rage for 175 gold pieces
 43442 | Depths:1 | Entered Level 1 of the Depths
 43484 | Depths:1 | Found a gateway to Hell.
 43503 | Depths:1 | Reached skill level 20 in Invocations
 43678 | Depths:1 | Identified the ring of Ritem {rF+ rC- Str+6 Dex+2}
 43944 | Depths:1 | Found a one-way gateway to a ziggurat.
 44260 | Depths:1 | Found Tecyta's General Store.
 44260 | Depths:1 | Found Dufasaw's Armour Emporium.
 44264 | Depths:1 | Found Onaos's Jewellery Shoppe.
 44275 | Depths:1 | Bought the +3 buckler "Fitokhlue" {Rampage rF+ Regen+
                  | Dex-5} for 437 gold pieces
 44289 | Depths:1 | Bought 2 potions of might for 160 gold pieces
 44289 | Depths:1 | Bought a potion of curing for 60 gold pieces
 44346 | Depths:1 | Found a hide-covered altar of Uskayaw.
 44651 | Depths:2 | Found a one-way gate leading to the halls of Pandemonium.
 44847 | Depths:2 | Reached skill level 10 in Transmutations
 44869 | Depths:2 | Found a stormy altar of Qazlal.
 45395 | Depths:2 | Noticed a juggernaut
 45424 | Depths:2 | Your ally Mara died
 45427 | Depths:2 | Killed a juggernaut
 45436 | Depths:2 | Reached skill level 21 in Invocations
 45566 | Depths:2 | Identified the ring "Tyorucka" {rN+ rCorr MP+9}
 45846 | Depths:3 | Noticed a golden dragon
 45858 | Depths:3 | Killed a golden dragon
 46305 | Depths:3 | Reached XP level 23. HP: 180/188 MP: 40/40
 46359 | Depths:3 | Found a one-way gate to the infinite horrors of the Abyss.
 46464 | Depths:3 | Found Ypazus's Magic Scroll Shop.
 46548 | Depths:3 | Bought a scroll of magic mapping for 52 gold pieces
 46548 | Depths:3 | Bought a scroll of enchant armour for 112 gold pieces
 46548 | Depths:3 | Bought a scroll of magic mapping for 52 gold pieces
 46548 | Depths:3 | Bought a scroll of summoning for 142 gold pieces
 46548 | Depths:3 | Bought a scroll of immolation for 52 gold pieces
 46549 | Depths:3 | Found Ucooc's Weapon Shop.
 46566 | Depths:3 | Found Ikkipt's Magic Scroll Shoppe.
 46638 | Depths:3 | Found a gateway to a bazaar.
 46651 | Bazaar   | Entered a bazaar
 46674 | Bazaar   | Found Quxzag's Magic Scroll Shoppe.
 46679 | Bazaar   | Bought a scroll of teleportation for 30 gold pieces
 46679 | Bazaar   | Bought a scroll of blinking for 75 gold pieces
 46716 | Bazaar   | Found Ixzokupp's Antique Weapon Emporium.
 46848 | Depths:3 | Bought a scroll of magic mapping for 70 gold pieces
 47321 | Depths:4 | Entered Level 4 of the Depths
 47644 | Depths:4 | Noticed a caustic shrike
 47644 | Depths:4 | Noticed a caustic shrike
 47649 | Depths:4 | Noticed a caustic shrike
 47659 | Depths:4 | Killed a caustic shrike
 47666 | Depths:4 | Killed a caustic shrike
 47670 | Depths:4 | Killed a caustic shrike
 47877 | Depths:4 | Learned a level 5 spell: Yara's Violent Unravelling
 48095 | Depths:4 | Found a gate to the Realm of Zot.
 49415 | Vaults:5 | Entered Level 5 of the Vaults
 49415 | Vaults:5 | Noticed a golden dragon
 49418 | Vaults:5 | Paralysed by a sphinx for 6 turns
 49450 | Vaults:5 | Killed a golden dragon
 49723 | Vaults:5 | Reached skill level 15 in Transmutations
 49738 | Vaults:5 | Noticed an ancient lich
 49752 | Vaults:5 | Killed an ancient lich
 49853 | Vaults:5 | Noticed a golden dragon
 49861 | Vaults:5 | a golden dragon changed into a shadow dragon
 49914 | Vaults:5 | Noticed a dread lich
 50049 | Vaults:5 | Reached skill level 1 in Stealth
 50062 | Vaults:5 | Found Ylytobiz's Magic Scroll Emporium.
 50108 | Vaults:5 | Noticed Sojobo
 50118 | Vaults:5 | Noticed a dread lich
 50138 | Vaults:5 | Paralysed by something for 3 turns
 50140 | Vaults:5 | HP: 7/190 [poisoned by a tengu reaver (bolt of poison)]
 50140 | Vaults:5 | HP: 1/190 [yaktaur/bolt[a vault warden] (6)]
 50141 | Vaults:5 | Identified the +1 robe of Privacy {rElec rC+ Slay+2}
 50574 | Elf:1    | Entered Level 1 of the Elven Halls
 50657 | Elf:1    | Found Konokk's Book Boutique.
 50671 | Elf:1    | Learned a level 4 spell: Airstrike
 51282 | Elf:1    | Reached XP level 24. HP: 201/201 MP: 40/40
 51585 | Elf:1    | Reached skill level 5 in Stealth
 51694 | Elf:2    | Noticed Louise
 51854 | Elf:2    | Identified the +9 quarterstaff "Zehuol" {speed, Will+}
 51877 | Elf:2    | Killed Louise
 51877 | Elf:2    | Enslaved Louise
 52219 | Elf:2    | Found a runed translucent gate.
 52220 | Elf:2    | Found a runed translucent gate.
 52220 | Elf:2    | Found a runed translucent gate.
 52754 | Elf:3    | Entered Level 3 of the Elven Halls
 53502 | Elf:3    | Identified the ring "Rotot" {Ice Fly}
 53514 | Elf:3    | Identified the ring "Tawkefonwe" {rC+ MP+9}
 53807 | Elf:3    | Reached skill level 10 in Stealth
 53974 | Elf:3    | Identified the +3 chain mail "Qabot" {Rampage Regen+ Int+2}
 54081 | Elf:3    | Identified the +2 pearl dragon scales of Jeym {rN+ Dex+3}
 54162 | Elf:3    | Identified the ring "Hucs" {rF- rN+ Will+ Str+4 Stlth+}
 54169 | Elf:3    | Got the Grimoire of the Arsonist
 54246 | Elf:3    | Learned a level 5 spell: Lee's Rapid Deconstruction
 54405 | Elf:3    | Reached skill level 1 in Earth Magic
 54602 | Elf:3    | Found a burning altar of Makhleb.
 54771 | Elf:3    | Identified the +1 robe of the Butcher {Rampage Fly rElec
                  | Dex-4}
 55307 | Vaults:5 | Noticed a dread lich
 55447 | Vaults:5 | Killed a dread lich
 55660 | Vaults:5 | Killed a dread lich
 55801 | Vaults:5 | Got a silver rune of Zot
 55928 | Vaults:5 | Reached skill level 22 in Invocations
 56129 | Vaults:5 | Paralysed by an air elemental for 1 turns
 56143 | Vaults:5 | Killed Sojobo
 56144 | Vaults:5 | Reached skill level 5 in Earth Magic
 56144 | Vaults:5 | Reached XP level 25. HP: 66/210 MP: 3/40
 57171 | Vaults:5 | Found Sumeon's Magic Scroll Shoppe.
 57189 | Vaults:5 | Found Archytwa's Distillery.
 57189 | Vaults:5 | Found Hurghotuo's Distillery.
 57196 | Vaults:5 | Bought a potion of might for 80 gold pieces
 57196 | Vaults:5 | Bought a potion of berserk rage for 100 gold pieces
 57196 | Vaults:5 | Bought a potion of curing for 60 gold pieces
 57196 | Vaults:5 | Bought a potion of curing for 60 gold pieces
 57196 | Vaults:5 | Bought a potion of curing for 60 gold pieces
 57196 | Vaults:5 | Bought a potion of brilliance for 80 gold pieces
 57203 | Vaults:5 | Bought a potion of heal wounds for 80 gold pieces
 57203 | Vaults:5 | Bought a potion of haste for 160 gold pieces
 57203 | Vaults:5 | Bought a potion of magic for 128 gold pieces
 57203 | Vaults:5 | Bought a potion of invisibility for 128 gold pieces
 57203 | Vaults:5 | Bought a potion of lignification for 48 gold pieces
 57246 | Vaults:5 | Bought a scroll of fog for 48 gold pieces
 57246 | Vaults:5 | Bought a scroll of fog for 48 gold pieces
 57263 | Vaults:5 | Killed a dread lich
 57369 | Vaults:5 | Found Loownos's Magic Scroll Boutique.
 57373 | Vaults:5 | Found Heoffuj's Magic Scroll Emporium.
 57374 | Vaults:5 | Bought a scroll of blinking for 105 gold pieces
 57374 | Vaults:5 | Bought a scroll of teleportation for 42 gold pieces
 57374 | Vaults:5 | Bought a scroll of summoning for 133 gold pieces
 57374 | Vaults:5 | Bought a scroll of fear for 49 gold pieces
 57381 | Vaults:5 | Bought a scroll of enchant armour for 112 gold pieces
 57381 | Vaults:5 | Bought a scroll of fog for 30 gold pieces
 57381 | Vaults:5 | Bought a scroll of enchant armour for 112 gold pieces
 57381 | Vaults:5 | Bought a scroll of fear for 52 gold pieces
 57381 | Vaults:5 | Bought 3 scrolls of fog for 90 gold pieces
 57381 | Vaults:5 | Bought a scroll of teleportation for 45 gold pieces
 57388 | Vaults:5 | Found Myno's Magic Scroll Boutique.
 57392 | Vaults:5 | Bought 3 scrolls of fear for 189 gold pieces
 57392 | Vaults:5 | Bought a scroll of enchant armour for 135 gold pieces
 57392 | Vaults:5 | Bought a scroll of immolation for 63 gold pieces
 58427 | Zot:1    | Entered Level 1 of the Realm of Zot
 58722 | Zot:1    | Learned a level 6 spell: Dispersal
 58724 | Zot:1    | Learned a level 1 spell: Apportation
 58725 | Zot:1    | Got the Incunabulum of Transformation and Evil Arts
 58747 | Zot:2    | Reached skill level 23 in Invocations
 58895 | Zot:4    | Noticed a Killer Klown
 60471 | Zot:5    | Entered Level 5 of the Realm of Zot
 60774 | Zot:5    | Noticed an orb of fire
 60782 | Zot:5    | Gained mutation: You sometimes lose the ability to read
                  | scrolls when taking damage. [an orb of fire]
 60806 | Zot:5    | Killed an orb of fire
 60839 | Zot:5    | Lost mutation: You sometimes lose the ability to read
                  | scrolls when taking damage. [potion of mutation]
 60839 | Zot:5    | Gained mutation: Your mind is acute. (Int +2) [potion of
                  | mutation]
 61297 | Zot:5    | Reached skill level 24 in Invocations
 61452 | Zot:5    | Noticed a dread lich
 61462 | Zot:5    | Killed a dread lich
 61471 | Zot:5    | Reached XP level 26. HP: 196/218 MP: 3/40
 61475 | Zot:5    | Noticed an orb of fire
 61477 | Zot:5    | Noticed a dread lich
 61502 | Zot:5    | Gained mutation: You are frail. (-10% HP) [an orb of fire]
 61503 | Zot:5    | Gained mutation: You are very frail. (-20% HP) [an orb of
                  | fire]
 61504 | Zot:5    | Killed an orb of fire
 61505 | Zot:5    | Reached skill level 10 in Earth Magic
 61506 | Zot:5    | Noticed an ancient lich
 61519 | Zot:5    | Killed an ancient lich
 61529 | Zot:5    | Paralysed by a dread lich for 7 turns
 61572 | Zot:5    | Killed a dread lich
 61629 | Zot:5    | Lost mutation: You are very frail. (-20% HP) [potion of
                  | mutation]
 61629 | Zot:5    | Lost mutation: Your mind is acute. (Int +2) [potion of
                  | mutation]
 61629 | Zot:5    | Gained mutation: You are partially covered in iridescent
                  | scales. (AC +2) [potion of mutation]
 61629 | Zot:5    | Gained mutation: Your spells are a little harder to cast,
                  | but a little more powerful. [potion of mutation]
 61630 | Zot:5    | Lost mutation: You are frail. (-10% HP) [potion of
                  | mutation]
 61630 | Zot:5    | Lost mutation: You are partially covered in iridescent
                  | scales. (AC +2) [potion of mutation]
 61630 | Zot:5    | Lost mutation: Your spells are a little harder to cast, but
                  | a little more powerful. [potion of mutation]
 61630 | Zot:5    | Gained mutation: You have a pair of small antennae on your
                  | head. [potion of mutation]
 61630 | Zot:5    | Gained mutation: You have sharp fingernails. [potion of
                  | mutation]
 61631 | Zot:5    | Lost mutation: You have a pair of small antennae on your
                  | head. [potion of mutation]
 61631 | Zot:5    | Gained mutation: Your magical capacity is low. (-10% MP)
                  | [potion of mutation]
 61631 | Zot:5    | Gained mutation: You have hidden genetic defects. [potion
                  | of mutation]
 61631 | Zot:5    | Gained mutation: You are partially covered in iridescent
                  | scales. (AC +2) [potion of mutation]
 61769 | Zot:5    | Noticed an orb of fire
 62363 | Zot:5    | Killed a Killer Klown
 62671 | Zot:4    | Gained mutation: You have terrible hidden genetic defects.
                  | [hidden defects]
 63909 | Lair:6   | Killed Vayczud's ghost
 64576 | D:10     | Bought a potion of curing for 42 gold pieces
 64576 | D:10     | Bought a potion of heal wounds for 70 gold pieces
 64576 | D:10     | Bought a potion of heal wounds for 70 gold pieces
 64576 | D:10     | Bought a potion of curing for 42 gold pieces
 64760 | Crypt:1  | Entered Level 1 of the Crypt
 64782 | Crypt:1  | Noticed Jory
 64864 | Crypt:1  | Killed Jory
 65190 | Crypt:1  | Gained mutation: You sometimes lose the ability to read
                  | scrolls when taking damage. [hidden defects]
 65190 | Crypt:1  | Lost mutation: You have terrible hidden genetic defects.
                  | [hidden defects expressed]
 65199 | Crypt:1  | Lost mutation: You sometimes lose the ability to read
                  | scrolls when taking damage. [potion of mutation]
 65199 | Crypt:1  | Lost mutation: Your magical capacity is low. (-10% MP)
                  | [potion of mutation]
 65199 | Crypt:1  | Lost mutation: You are partially covered in iridescent
                  | scales. (AC +2) [potion of mutation]
 65199 | Crypt:1  | Gained mutation: You are partially covered in iridescent
                  | scales. (AC +2) [potion of mutation]
 66215 | Crypt:1  | Found an ancient bone altar of Kikubaaqudgha.
 66523 | Crypt:2  | Noticed Bai Suzhen
 66670 | Crypt:2  | Found a magical portal.
 66679 | WizLab   | Entered The Roulette of Golubria
 66679 | WizLab   | Found a transporter.
 66682 | WizLab   | Found a corrupted altar of Lugonu.
 66720 | WizLab   | Gained mutation: You sometimes lose the ability to read
                  | scrolls when taking damage. [hidden defects]
 66740 | WizLab   | Found a corrupted altar of Lugonu.
 66741 | WizLab   | Lost mutation: You sometimes lose the ability to read
                  | scrolls when taking damage. [potion of mutation]
 66741 | WizLab   | Lost mutation: You are partially covered in iridescent
                  | scales. (AC +2) [potion of mutation]
 66741 | WizLab   | Lost mutation: You have sharp fingernails. [potion of
                  | mutation]
 66741 | WizLab   | Gained mutation: You do not regenerate when monsters are
                  | visible. [potion of mutation]
 66741 | WizLab   | Gained mutation: You have a pair of small horns on your
                  | head. [potion of mutation]
 66742 | WizLab   | Lost mutation: You have a pair of small horns on your head.
                  | [potion of mutation]
 66742 | WizLab   | Lost mutation: You have hidden genetic defects. [potion of
                  | mutation]
 66742 | WizLab   | Gained mutation: You are agile. (Dex +2) [potion of
                  | mutation]
 66742 | WizLab   | Gained mutation: Your body sometimes deteriorates upon
                  | taking damage. [potion of mutation]
 66742 | WizLab   | Gained mutation: You have a pair of small antennae on your
                  | head. [potion of mutation]
 66743 | WizLab   | Lost mutation: You have a pair of small antennae on your
                  | head. [potion of mutation]
 66743 | WizLab   | Lost mutation: Your body sometimes deteriorates upon taking
                  | damage. [potion of mutation]
 66743 | WizLab   | Lost mutation: You are agile. (Dex +2) [potion of mutation]
 66743 | WizLab   | Gained mutation: You are covered in fur. (AC +1) [potion of
                  | mutation]
 66743 | WizLab   | Gained mutation: You are partially covered in iridescent
                  | scales. (AC +2) [potion of mutation]
 66743 | WizLab   | Gained mutation: You have a pair of small horns on your
                  | head. [potion of mutation]
 66743 | WizLab   | Gained mutation: Your movements are slightly less
                  | encumbered by armour. (ER -2) [potion of mutation]
 66744 | WizLab   | Lost mutation: You have a pair of small horns on your head.
                  | [potion of mutation]
 66744 | WizLab   | Lost mutation: You do not regenerate when monsters are
                  | visible. [potion of mutation]
 66744 | WizLab   | Lost mutation: You are covered in fur. (AC +1) [potion of
                  | mutation]
 66744 | WizLab   | Gained mutation: Your body sometimes deteriorates upon
                  | taking damage. [potion of mutation]
 66744 | WizLab   | Gained mutation: Your muscles are strong. (Str +2) [potion
                  | of mutation]
 66751 | WizLab   | Found a transporter.
 66773 | WizLab   | Found a transporter.
 66804 | WizLab   | Found a transporter.
 66901 | WizLab   | Found the +2 cloak of the Thief {*Fog Slay-2 SInv Stlth+}
 66910 | WizLab   | Found a transporter.
 66944 | WizLab   | Found a transporter.
 67045 | WizLab   | Found a transporter.
 67046 | WizLab   | Found a transporter.
 67082 | WizLab   | Found a transporter.
 67148 | WizLab   | Found a transporter.
 67192 | WizLab   | Found a transporter.
 67241 | WizLab   | Found a transporter.
 67276 | WizLab   | Found a transporter.
 67276 | WizLab   | Found a transporter.
 67294 | WizLab   | Found a transporter.
 67320 | WizLab   | Found a transporter.
 67320 | WizLab   | Found a transporter.
 67334 | WizLab   | Got Golubria's Compendium of Displacement
 67352 | WizLab   | Found a transporter.
 67377 | WizLab   | Identified the +0 cloak of the Storm King {rC+}
 67411 | WizLab   | Identified the +0 cloak of Infinity {SInv}
 67446 | WizLab   | Found a transporter.
 67459 | WizLab   | Reached XP level 27. HP: 224/224 MP: 40/40
 67511 | WizLab   | Found a transporter.
 67539 | WizLab   | Found a corrupted altar of Lugonu.
 67703 | Crypt:3  | Entered Level 3 of the Crypt
 67703 | Crypt:3  | Found a basalt altar of Yredelemnul.
 67850 | Crypt:2  | Killed Bai Suzhen
 68729 | Crypt:3  | Noticed a dread lich
 68740 | Crypt:3  | Killed a dread lich
 69189 | Crypt:3  | Found a staircase to the Tomb.
 69807 | Crypt:3  | Found an ancient bone altar of Kikubaaqudgha.
 69842 | Crypt:3  | Noticed a royal mummy
 69855 | Crypt:3  | Identified the +7 bardiche of the Spheres {vorpal, Will+}
 69862 | Crypt:3  | Killed a royal mummy
 70099 | Crypt:3  | Noticed Mennas
 70576 | Crypt:3  | Identified the +0 tower shield "Poesoff" {rPois Will+
                  | Dex-4}
 70590 | Crypt:3  | Got Fyczit's Grimoire of Unholy Rites
 71597 | Slime:1  | Entered Level 1 of the Pits of Slime
 72110 | Slime:5  | Entered Level 5 of the Pits of Slime
 72179 | Slime:5  | Paralysed by a great orb of eyes for 5 turns
 72225 | Slime:5  | Noticed the Royal Jelly
 72304 | Slime:5  | Found a viscous altar of Jiyva.
 72343 | Slime:5  | Killed the Royal Jelly
 72343 | Slime:5  | Enslaved the Royal Jelly
 72901 | Slime:5  | Found the +9 staff of Wucad Mu {*channel}
 73477 | Zot:5    | Noticed an orb of fire
 73481 | Zot:5    | Gained mutation: You are frail. (-10% HP) [an orb of fire]
 73482 | Zot:5    | Noticed an orb of fire
 73659 | Zot:5    | Killed an orb of fire
 73822 | Zot:5    | Your ally the Royal Jelly died
 73829 | Zot:5    | Gained mutation: You do not regenerate when monsters are
                  | visible. [an orb of fire]
 73832 | Zot:5    | Killed an orb of fire
 73839 | Zot:5    | Gained mutation: Your magical capacity is low. (-10% MP)
                  | [an orb of fire]
 73840 | Zot:5    | Killed an orb of fire
 73841 | Zot:5    | Lost mutation: Your body sometimes deteriorates upon taking
                  | damage. [potion of mutation]
 73841 | Zot:5    | Lost mutation: You are partially covered in iridescent
                  | scales. (AC +2) [potion of mutation]
 73841 | Zot:5    | Lost mutation: You are frail. (-10% HP) [potion of
                  | mutation]
 74227 | Zot:5    | Noticed a dread lich
 74234 | Zot:5    | Got the Orb of Zot
 74240 | Zot:5    | Killed a dread lich
 74532 | D:12     | Noticed a seraph
 74870 | D:1      | Paralysed by a great orb of eyes for 3 turns
 74880 | D:$      | Escaped with the Orb!

Illustrated notes

Levels and vault maps discovered:
D:1:      dpeg_arrival_rooms_b, layout_basic, ebering_ecumenical_altar_abandoned
D:2:      layout_loops_ring, serial_glass, glass_columns_c, glass_columns_a,
          glass_columns_a, glass_columns_a
D:3:      layout_rooms, interstate_on_off, minmay_misc_feat_plants,
          grunt_ministairs_6, uniq_grinder, uniq_jessica, uniq_sigmund
D:4:      layout_cave_pools, serial_column_ruins, column_ruins_hut_ruined,
          column_ruins_hut, column_ruins_open_tiny,
          column_ruins_columns_straight, column_ruins_open_tiny,
          column_ruins_open_small, column_ruins_open_tiny,
          column_ruins_open_tiny, minmay_misc_feat_cross
D:5:      layout_loops_ring, minmay_temple_entry_glass
D:6:      layout_cave_pools, uniq_menkaure
D:7:      layout_loops_ring, enter_bailey_5, minivault_14
D:8:      gammafunk_boulding_lane, layout_loops_ring, grunt_decor_clamped,
          minmay_nine_imps
D:9:      layout_long_grid, regret_index_temple_of_mockery
D:10:     layout_stronghold, nzn_overflow_gifts_of_might_and_magic,
          erik_lair_orcish_takeover, serial_column_ruins, column_ruins_hut,
          column_ruins_hut, column_ruins_open_small,
          column_ruins_columns_corner, column_ruins_grid_3,
          column_ruins_columns_dead_end, column_ruins_open_small, serial_shops,
          nicolae_shop_stone, minmay_bent, uniq_josephine, uniq_fannar
D:11:     layout_basic
D:12:     layout_basic, david_orc_2, special_room [special_room_orc]
D:13:     layout_basic, david_vaults_5, kennysheep_potato
D:14:     cheibrodos_shockbox, layout_loops_corners, grunt_gozag_statues
D:15:     hangedman_depths_entry_civil_slaughter, layout_long_grid,
          nicolae_trove_entry_columns, uniq_nessos, uniq_rupert
Temple:   hc_temple_tempest_star
Lair:1:   layout_gridlike, minivault_26, lemuel_fruit_tree, serial_bayou_shore_a
Lair:2:   layout_cave_pods, elwin_shoals_entry_stream, basic_altar
Lair:3:   layout_regular_city, nicolae_spider_entry_non_spiders
Lair:4:   layout_small_grid, minivault_23, grunt_megastairs_3, uniq_urug
Lair:5:   layout_regular_city, dpeg_slime_entry_enclosed_altar
Lair:6:   guppyfry_lair_end_dragon, layout_loops_ring, wormcave,
          ebering_ghost_inner_flame, serial_bayou_shore_b, grunt_megastairs_2,
          uniq_sonja
Shoals:1: layout_shoals, serial_shops, bzr_entry_dummy, shop, uniq_jorgrun,
          uniq_mlioglotl
Shoals:2: layout_shoals, serial_shops, shop_fountains,
          nicolae_shoals_this_corrosion
Shoals:3: layout_shoals, uniq_ilsuiw, uniq_polyphemus
Shoals:4: shoals_end_hangedman, layout_shoals, nicolae_shoals_beach_cooler
Spider:1: nicolae_spider_mines_3, beargit_elvish_explorers
Spider:2: layout_spider_delve, nicolae_spider_twisty_arc_passages
Spider:3: layout_cave_pods, hangedman_spider_tarantella_strand
Spider:4: guppyfry_spider_rune, uniq_donald
Slime:1:  layout_caves
Slime:2:  layout_caves
Slime:3:  layout_caves
Slime:4:  layout_caves
Slime:5
Orc:1:    layout_diamond_mine, portal_ice_cave_entry_pillars_1, basic_altar,
          nicolae_orc_stony_grotto, nicolae_orc_flooded_monolith,
          lightli_church_of_beogh
Orc:2:    st_orc_elflike, layout_diamond_mine
Elf:1:    minmay_elf_arrival_summoners, layout_loops_corners, serial_shops,
          nicolae_shop_waterfront, evilmike_minifort, nicolae_wwwww
Elf:2:    nicolae_elf_blades_crystal_corner, layout_loops_ring, nrook_uturn,
          uniq_louise
Elf:3:    elf_hall_gauntlet_wide, layout_onion_city, minmay_fountain_box,
          hangedman_elven_pyramids, nicolae_elf_theology_debate
Vaults:1: vaults_standard_mumra_lines, v_rooms_5, v_alt_pattern_6, v_misc_19,
          ontoclasm_vaults_claustrophobia, v_misc_5, v_misc_27,
          grunt_vaults_swirl, vaults_room_grid,
          nicolae_vaults_lopsided_apartments, vaults_mumra_chevron_long,
          grunt_vaults_diagonal, vaults_room_mumra_shop_pool, v_misc_23,
          layout_vaults_omnibox
Vaults:2: hangedman_vaults_river_flow, v_misc_19, v_misc_12,
          nicolae_vaults_three_branches, v_alt_pattern_2,
          vaults_room_fancy_cross, nicolae_vaults_asterisk,
          nicolae_vaults_network_barrier, nicolae_vaults_diagonal_hallway_8,
          serial_ice_h, nicolae_vaults_border_crossing, layout_vaults_big_cross,
          uniq_nikola
Vaults:3: hangedman_vaults_corner_blocks, hangedman_vaults_stretched_pinwheel,
          minmay_crypt_entry_simple_box, v_misc_19, st_smaller_cells,
          nicolae_vaults_shelves_hall, ontoclasm_vaults_ring_large, v_pattern_1,
          serial_ice_b, nicolae_vaults_rhombus_6, vaults_room_ringed_pool,
          vaults_room_hallway, nicolae_vaults_diagonal_hallway_6,
          vaults_room_grid, v_misc_14, vaults_room_fours, vaults_room_door_hall,
          layout_vaults_ring
Vaults:4: v_rooms_4, v_misc_12, vaults_room_corners, nicolae_vaults_rhombus_7,
          vaults_room_fours, v_rooms_5, layout_vaults_omnigrid, serial_shops,
          shop, uniq_mara
Vaults:5: serial_shops, uniq_sojobo
Crypt:1:  cheibrodos_crypt_down_in_the_bonehoard, layout_basic, uniq_jory
Crypt:2:  layout_rooms, mu_enter_wizlab_3, grunt_megastairs_5, uniq_bai_suzhen
Crypt:3:  church_of_pain_bobbens, layout_chaotic_city, basic_altar, uniq_mennas
Depths:1: layout_cave_shapes, enter_ziggurat_f, pf_vacation_house_of_asmodeus,
          hangedman_decor_riveting, serial_bayou_pond_b,
          nicolae_uskayaw_suspiria, minmay_shop_star
Depths:2: minmay_shrinking_squares, layout_basic, pan_entry,
          nicolae_qazlal_style_of_elements, grunt_mini_vestibule,
          minmay_protected_statue, hangedman_decor_cross_pass
Depths:3: minmay_connected_boxes_in_corner, layout_cave_pools, hellmouth_1,
          hangedman_abyss_entry_splay, columned_hall_lemuel, serial_shops,
          statue_bzr, nicolae_shop_statue_plus,
          nicolae_shop_bloodbath_and_beyond, nicolae_inconvenience_store
Depths:4: evilmike_zot_entry_argh, layout_long_grid, hell_entry,
          grunt_pan_entry_spiral, nicolae_wu_jian_immortal_techniques,
          abyss_entry, minmay_misc_feat_alley, fountainhead,
          serial_bayou_shore_b
Zot:1:    layout_basic, basic_altar
Zot:2:    layout_cathedral_of_symmetry
Zot:3:    layout_gridlike
Zot:4:    layout_onion_interference
Zot:5:    layout_gridlike

Skill      XL: |  1  2  3  4  5  6  7  8  9 10 11 12 13 14 15 16 17 18 19 20 21 22 23 24 25 26 27 |
---------------+----------------------------------------------------------------------------------+-----
Dodging        | 1 2 3 4 5 7 9 11 13 14 17 20 23 | 23.0
Polearms       | 4 6 7 10 13 14 | 14.0
Fighting       | 4 5 6 7 8 10 11 12 13 14 17 19 20 22 | 22.7
Shields        | 4 |  4.0
Invocations    | 4 7 12 14 17 18 19 21 22 24 | 24.0
Armour         | 5 6 9 10 | 10.0
Spellcasting   | 4 10 12 13 | 13.0
Evocations     | 2 5 |  5.0
Translocations | 2 10 12 15 | 15.0
Transmutations | 6 13 15 20 | 20.0
Stealth        | 4 10 13 | 13.1
Earth Magic    | 5 9 12 | 12.0

Action                   |  1- 3 |  4- 6 |  7- 9 | 10-12 | 13-15 | 16-18 | 19-21 | 22-24 | 25-27 || total
-------------------------+-------+-------+-------+-------+-------+-------+-------+-------+-------++-------
Melee: Trident           |   127 |    91 |   569 |   730 |  1515 |   399 |       |       |       ||  3431
       Pair of quick bla |       |       |     7 |       |       |       |       |       |       ||     7
       Tailslap          |       |       |     5 |       |     6 |    24 |       |       |     1 ||    36
       Demon trident     |       |       |       |       |       |   470 |  1452 |  1812 |  2605 ||  6339
Throw: Throwing net      |       |       |       |     3 |       |     3 |       |       |       ||     6
 Cast: Manifold Assault  |       |       |       |       |       |     8 |    63 |   164 |   360 ||   595
       Yara's Violent Un |       |       |       |       |       |       |       |     6 |       ||     6
       Irradiate         |       |       |       |       |       |       |       |     9 |    38 ||    47
       Apportation       |       |       |       |       |       |       |       |       |     1 ||     1
       Lee's Rapid Decon |       |       |       |       |       |       |       |       |    13 ||    13
Invok: Recall Undead Har |       |       |     1 |     2 |     6 |     7 |    11 |     9 |     7 ||    43
       Dark Bargain      |       |       |       |     3 |    18 |    13 |    32 |    33 |    10 ||   109
       Bind Soul         |       |       |       |     2 |     1 |     1 |     2 |     3 |     2 ||    11
       Drain Life        |       |       |       |     1 |     1 |     3 |       |     4 |     1 ||    10
Evoke: Wand              |       |       |     7 |     2 |     6 |     5 |       |     4 |     7 ||    31
       Condenser vane    |       |       |       |     1 |     1 |     3 |     3 |     4 |     5 ||    17
       Phantom mirror    |       |       |       |       |     1 |     2 |     2 |     5 |     4 ||    14
       Box of beasts     |       |       |       |       |     1 |     2 |       |     2 |     4 ||     9
       Tin of tremorston |       |       |       |       |       |       |       |     1 |     8 ||     9
  Use: Potion            |     1 |     2 |     1 |       |     1 |     1 |     2 |    28 |    56 ||    92
       Scroll            |     1 |     1 |     8 |     8 |    11 |    11 |    10 |    15 |    31 ||    96
 Stab: Distracted        |       |       |       |    10 |    21 |    12 |    30 |    33 |    32 ||   138
       Held in net/web   |       |       |       |     2 |       |       |     1 |       |       ||     3
       Confused          |       |       |       |     1 |       |     2 |     4 |       |       ||     7
       Petrified         |       |       |       |    11 |   117 |       |       |       |       ||   128
       Petrifying        |       |       |       |     1 |    10 |       |       |       |       ||    11
       Sleeping          |       |       |       |     1 |       |     1 |       |    11 |    18 ||    31
       Paralysed         |       |       |       |       |    13 |     8 |     7 |     1 |       ||    29
       Fleeing           |       |       |       |       |       |       |       |     2 |       ||     2
       Invisible         |       |       |       |       |       |       |       |       |    12 ||    12
Armor: Scale mail        |    40 |    13 |    77 |    12 |       |       |       |       |       ||   142
       Ring mail         |       |       |       |   101 |   221 |   193 |   263 |   215 |   491 ||  1484
       Skin              |       |       |       |       |       |       |       |    54 |   140 ||   194
Dodge: Dodged            |    48 |    25 |   267 |   297 |   585 |   417 |   619 |   649 |  1112 ||  4019
Block: Buckler           |    19 |    14 |    90 |   116 |   248 |   189 |   279 |   297 |   505 ||  1757

Table legend: (Time is in decaauts)
 A = Elapsed time spent in this place.
 B = Non-inter-level travel time spent in this place.
 C = Inter-level travel time spent in this place.
 D = Time resting spent in this place.
 E = Time spent auto-exploring this place.
 F = Levels seen in this place.
 G = Mean time per level.
                   A        B        C        D        E       F      G
               +--------+--------+--------+--------+--------+-----+--------+
         Total |  70108 |  63012 |   7096 |   4860 |  42216 |  63 | 1112.8 |
       Dungeon |  16630 |  14002 |   2628 |    183 |  10910 |  15 | 1108.7 |
        Temple |    163 |    136 |     27 |      0 |    117 |   1 |  163.0 |
          Lair |   6728 |   5673 |   1055 |    222 |   4158 |   6 | 1121.3 |
        Shoals |   3012 |   2860 |    152 |      0 |   2032 |   4 |  753.0 |
   Spider Nest |   4330 |   4148 |    182 |    100 |   3312 |   4 | 1082.5 |
    Slime Pits |   1248 |   1196 |     52 |    387 |    415 |   5 |  249.6 |
  Orcish Mines |   1940 |   1694 |    246 |      0 |   1232 |   2 |  970.0 |
   Elven Halls |   4078 |   3842 |    236 |     67 |   2901 |   3 | 1359.3 |
        Vaults |  11233 |  10053 |   1180 |    552 |   7012 |   5 | 2246.6 |
         Crypt |   5179 |   4892 |    287 |    335 |   3290 |   3 | 1726.3 |
        Depths |   5751 |   5043 |    708 |    288 |   3796 |   4 | 1437.8 |
           Zot |   5329 |   4992 |    337 |   1615 |   1939 |   5 | 1065.8 |
         Abyss |     76 |     76 |      0 |      0 |     23 |   1 |   76.0 |
        Bazaar |    192 |    192 |      0 |      0 |    169 |   2 |   96.0 |
        Bailey |   2793 |   2793 |      0 |   1107 |    217 |   1 | 2793.0 |
      Ice Cave |    580 |    580 |      0 |      0 |    233 |   1 |  580.0 |
        Wizlab |    840 |    840 |      0 |      2 |    452 |   1 |  840.0 |
               +--------+--------+--------+--------+--------+-----+--------+

Top non-repeatable levels by time:
Vaults:5: 3291 daAuts
   Zot:5: 2821 daAuts
  Bailey: 2793 daAuts
 Crypt:3: 2582 daAuts
Vaults:3: 2367 daAuts
Vaults:1: 2137 daAuts
   Elf:3: 1946 daAuts
Spider:3: 1832 daAuts
    D:13: 1780 daAuts
Vaults:2: 1737 daAuts
Vaults:4: 1700 daAuts
Depths:3: 1692 daAuts
   Zot:3: 1667 daAuts
Depths:4: 1622 daAuts
 Crypt:1: 1595 daAuts
